 Dungeon Crawl Stone Soup version 0.26-a0-651-gb41185065b (webtiles) character file.

Game seed: 18323731840234184406

13 Lanoc the Skirmisher (level 2, -2/24 HPs)
             Began as a Formicid Chaos Knight on Oct 8, 2020.
             Was a Plaything of Xom.
             Slain by an adder (3 damage)
             ... on level 2 of the Dungeon.
             The game lasted 00:01:14 (490 turns).

Lanoc the Skirmisher (Formicid Chaos Knight)         Turns: 490, Time: 00:01:14

Health: -2/24      AC:  5    Str: 16    XL:     2   Next: 50%
Magic:  2/2        EV:  8    Int: 11    God:    Xom [..*...]
Gold:   21         SH:  7    Dex: 10    Spells: 1/1 levels left

rFire    . . .     SeeInvis +   a - +0 mace (chaos)
rCold    . . .     Faith    .   c - +0 kite shield
rNeg     . . .     Spirit   .   b - +2 leather armour
rPois    .         Reflect  .   (helmet unavailable)
rElec    .         Harm     .   (no cloak)
rCorr    .         Rampage  .   (no gloves)
MR       .....                  (no boots)
Stlth    +.........             (no amulet)
HPRegen  0.08/turn              f - ring of flight
MPRegen  0.08/turn              (no ring)

@: lethally poisoned (-2 -> -7)
A: permanent stasis, dig shafts and tunnels, four strong arms, antennae 3
a: Dig, Shaft Self, Renounce Religion, Evoke Flight


You were on level 2 of the Dungeon.
You worshipped Xom.
You were a toy of Xom.
You visited 1 branch of the dungeon, and saw 2 of its levels.

You collected 21 gold pieces.

Inventory:

Hand Weapons
 a - a +0 mace of chaos (weapon)
Armour
 b - a +2 leather armour (worn)
 c - a +0 kite shield (worn)
Jewellery
 f - a ring of flight (left hand)
Scrolls
 d - a scroll of identify {unknown}
 e - a scroll of fear


   Skills:
 + Level 3.4 Fighting
 * Level 3.2 Maces & Flails
 + Level 2.3 Armour
 + Level 1.0 Dodging
 * Level 1.1 Shields


You had one spell level left.
You didn't know any spells.
Your spell library was empty.

Dungeon Overview and Level Annotations

Branches:
Dungeon (1/15)

Altars:


Innate Abilities, Weirdness & Mutations

You cannot be hasted, slowed, berserked, paralysed or teleported.
You can dig through walls and to a lower floor.
Your four strong arms can wield two-handed weapons with a shield.
You have a pair of large antennae on your head. (SInv)


Message History

You block the adder's attack. The adder bites you.
* * * LOW HITPOINT WARNING * * *
You are lethally poisoned!
The adder poisons you!
You aren't carrying any potions.
You barely miss the adder.
* * * LOW HITPOINT WARNING * * *
You feel sick. The adder bites you but does no damage.
Your shield prevents you from hitting the adder.
The adder closely misses you. You block the adder's attack.
You hit the adder.
The adder seems to slow down.
You freeze the adder.
The adder is severely wounded.
* * * LOW HITPOINT WARNING * * *
You feel sick. You block the adder's attack.
Your shield and leather armour prevent you from hitting the adder.
The adder is severely wounded.
The adder is no longer moving slowly.
The adder bites you.
* * * LOW HITPOINT WARNING * * *
The adder bites you.
You die...

#.# ###.# #.# ..#.#
### #.# ##.#.###...
#.# #.........#
#.####.........##
###...............>
#.....†#)..........
#...####.........#.
###...@SK..<.......
#..####...........
#.## #....)....#.
#. #.........# #.
#....)..<.# #.
####.###.... #.#
#... #.# #.. #.# .s


You could see an adder and a kobold.

Vanquished Creatures
  2 leopard geckos (D:1)
  2 goblins (D:2)
  2 hobgoblins
  3 kobolds (D:1)
  A rat (D:1)
10 creatures vanquished.

Notes
Turn   | Place    | Note
-------+----------+-------------------------------------------
     0 | D:1      | Lanoc the Formicid Chaos Knight began the quest for the
                  | Orb.
     0 | D:1      | Reached XP level 1. HP: 18/18 MP: 1/1
    71 | D:1      | Reached skill level 1 in Dodging
    77 | D:1      | Reached XP level 2. HP: 15/24 MP: 2/2
   201 | D:1      | Noticed a shapeshifter
   201 | D:1      | a hobgoblin changed into a shapeshifter
   201 | D:1      | Noticed a black bear
   201 | D:1      | a shapeshifter changed into a black bear
   202 | D:1      | Noticed a steam dragon
   202 | D:1      | a black bear changed into a steam dragon
   234 | D:1      | Reached skill level 1 in Shields
   278 | D:1      | Noticed a bullfrog
   280 | D:1      | Noticed a scorpion
   280 | D:1      | a bullfrog changed into a scorpion
   284 | D:1      | You fall into a shaft and drop 1 floor!
   304 | D:2      | XOM: silly message
   490 | D:2      | HP: 1/24 [adder (2)]
   490 | D:2      | Slain by an adder

Illustrated notes

Levels and vault maps discovered:
D:1:      minmay_arrival_shattered_statue, layout_loops_ring, minmay_quantized
D:2:      layout_rooms, minmay_between, uniq_robin, uniq_jessica

Skill      XL: |  1  2 |
---------------+-------+-----
Dodging        | 1 |  1.0
Shields        | 1 |  1.1
Fighting       | |  3.4
Maces & Flails | |  3.2
Armour         | |  2.3

Action                   || total
-------------------------++-------
Melee: Mace              ||    41
 Abil: Shaft Self        ||     1
  Use: Scroll            ||     1
Armor: Leather armour    ||    12
Dodge: Dodged            ||    18
Block: Kite shield       ||    11

Table legend: (Time is in decaauts)
 A = Elapsed time spent in this place.
 B = Non-inter-level travel time spent in this place.
 C = Inter-level travel time spent in this place.
 D = Time resting spent in this place.
 E = Time spent auto-exploring this place.
 F = Levels seen in this place.
 G = Mean time per level.
                   A        B        C        D        E       F      G
               +--------+--------+--------+--------+--------+-----+--------+
         Total |    503 |    503 |      0 |     30 |    336 |   2 |  251.5 |
       Dungeon |    503 |    503 |      0 |     30 |    336 |   2 |  251.5 |
               +--------+--------+--------+--------+--------+-----+--------+

Top non-repeatable levels by time:
     D:1: 291 daAuts
     D:2: 211 daAuts
